Map: Ruins of Endion

Players

Scarlett

  • Race: Zerg Zerg

FireCake - Winner!

  • Race: Zerg Zerg

Event: DreamHack Open Tours WCS Spring Championship

VOD

Have the link to the VOD?

Description

Time

  • Played on: May 14, 2016, 4:10 p.m.
  • Length: 2:45

All games in this series

Show
View Real Time Build Order
Export as new Build Order

Scarlett Zerg 

Build Orders: Pool Only 

Get SALT Encoding   

  12  0:18  Spawning Pool  
  11  0:22  Drone  
  11  0:26  Drone  
  13  0:31  Drone  
  14  0:43  Overlord  
  14  1:05  Zergling x6  
  17  1:16  Zergling x2  
  18  1:24  Spine Crawler  
  17  1:29  Zergling x2  
  18  1:38  Zergling x2  
  19  1:49  Zergling x2  
  21  2:01  Spine Crawler  
  21  2:08  Spine Crawler  
  19  2:09  Spine Crawler  
  19  2:10  Spine Crawler  
  19  2:14  Zergling x2  
  13  2:25  Zergling x2  
Show
View Real Time Build Order
Export as new Build Order

FireCake Zerg - Winner!

Build Orders: Hatch First 

Get SALT Encoding   

  12  0:00  Drone  
  13  0:08  Drone  
  14  0:17  Overlord  
  14  0:23  Drone, Extractor  
  15  0:35  Drone x2  
  17  0:51  Hatchery  
  17  0:54  Drone  
  17  0:57  Drone  
  18  1:06  Drone  
  19  1:13  Spawning Pool  
  19  1:16  Drone  
  19  1:26  Drone  
  20  2:00  Zergling x4  
  22  2:06  Spine Crawler  
  22  2:07  Queen, Zergling x4  
  24  2:14  Zergling x4  

Tags
 
Add a new tag
Caveats
  • Supply blocks, unpowered buildings, or Contaminate may cause inaccurate times.
  • Supply counts are checked every 10 seconds.